 Dungeon Crawl Stone Soup version 0.27.1-1-g398f81649c (webtiles) character file.

Game seed: 6267605930724041096

10264 bnorton916 the Thaumaturge (level 11, -3/54 HPs)
             Began as a Deep Elf Conjurer on Sept 21, 2021.
             Was a Believer of Vehumet.
             Succumbed to a black mamba's poison
             ... on level 1 of the Lair of Beasts.
             The game lasted 00:24:01 (15048 turns).

bnorton916 the Thaumaturge (Deep Elf Conjurer)     Turns: 15048, Time: 00:24:02

Health: -3/54      AC: 10    Str:  7    XL:     11   Next: 33%
Magic:  4/27       EV: 15    Int: 27    God:    Vehumet [**....]
Gold:   656        SH:  6    Dex: 13    Spells: 17/31 levels left

rFire    . . .     SeeInvis .   m - +3 dagger (elec)
rCold    . . .     Faith    .   B - +1 buckler
rNeg     . . .     Spirit   .   x - +0 steam dragon scales
rPois    .         Reflect  .   q - +1 helmet
rElec    .         Harm     .   n - +2 cloak {Stlth+}
rCorr    .         Rampage  .   o - +0 pair of gloves
Will     ++...                  S - +0 pair of boots
Stlth    ++++......             C - amulet of magic regeneration
HPRegen  0.18/turn              J - ring "Yrurum" {Wiz *Corrode Fly Str+3 Stlth+}
MPRegen  0.45/turn              F - ring of willpower

@: lethally poisoned (-3 -> -33), corroded, flying
A: no striking features
a: Renounce Religion


You were on level 1 of the Lair of Beasts.
You worshipped Vehumet.
Vehumet was pleased with you.
You visited 3 branches of the dungeon, and saw 14 of its levels.

You collected 740 gold pieces.
You spent 84 gold pieces at shops.

Inventory:

Hand Weapons
 m - a +3 dagger of electrocution (weapon)
 v - the +5 dagger of the Twenty Gods {elec, rCorr}
   (You found it on level 5 of the Dungeon)

   It occasionally discharges a powerful burst of electricity upon striking a
   foe.
   rCorr:     It protects you from acid and corrosion.
 L - a +4 quarterstaff
 N - a +0 dagger of venom
Missiles
 D - a throwing net
Armour
 a - +0 swamp dragon scales
 n - a +2 cloak of stealth (worn)
 o - a +0 pair of gloves (worn)
 q - a +1 helmet (worn)
 t - a scarf of resistance
 x - +0 steam dragon scales (worn)
 B - a +1 buckler (worn)
 G - a +2 robe of willpower
 S - a +0 pair of boots (worn)
Magical Staves
 f - a staff of cold
 Q - a staff of fire
Jewellery
 h - a ring of fire
 p - a ring of positive energy
 C - an amulet of magic regeneration (around neck)
 F - a ring of willpower (right hand)
 J - the ring "Yrurum" (left hand) {Wiz *Corrode Fly Str+3 Stlth+}
   (You found it on level 8 of the Dungeon)

   [ring of wizardry]

   It improves your spell success rate.
   Str:       It affects your strength (+3).
   Fly:       It grants you flight.
   *Corrode:  It may corrode you when you take damage.
   Stlth:     It makes you more stealthy.
 K - a ring of protection from fire
Wands
 r - a wand of iceblast (18)
 y - a wand of flame (17)
 M - a wand of digging (4)
 T - a wand of charming (10)
Scrolls
 c - 2 scrolls of teleportation
 e - a scroll of amnesia
 k - 3 scrolls of immolation
 l - a scroll of noise
 A - a scroll of enchant armour
 E - a scroll of enchant weapon
 I - a scroll of fog
 R - 3 scrolls of magic mapping
Potions
 b - 3 potions of might
 d - 2 potions of ambrosia
 g - 4 potions of haste
 i - 3 potions of attraction {unknown}
 j - 2 potions of curing
 s - a potion of flight
 u - a potion of invisibility
 w - a potion of lignification {unknown}
 z - a potion of berserk rage
 H - a potion of mutation
 P - a potion of brilliance {unknown}
Miscellaneous
 O - a condenser vane
 U - a piece from Xom's chessboard (15/15)


   Skills:
 - Level 5.2 Armour
 - Level 8.1 Dodging
 - Level 2.4 Stealth
 - Level 4.0 Shields
 + Level 10.6 Spellcasting
 + Level 9.7 Conjurations
 - Level 8.8 Hexes
 - Level 7.3 Translocations


You had 17 spell levels left.
You knew the following spells:

 Your Spells              Type           Power      Damage    Failure   Level
a - Magic Dart            Conj           100%       1d8       1%          1
b - Searing Ray           Conj           100%       3d7       1%          2
c - Fulminant Prism       Conj/Hex       29%        3d14      1%          4
d - Iskenderun's Mystic   Conj/Tloc      57%        2d12      1%          4
e - Tukima's Dance        Hex            58%        N/A       1%          3

Your spell library contained the following spells:

 Spells                   Type           Power      Damage    Failure   Level
 Ignite Poison            Fire/Tmut/Pois 14%        N/A       4%          3
 Blink                    Tloc           N/A        N/A       1%          2
 Dazzling Flash           Conj/Hex       100%       N/A       1%          3
 Lesser Beckoning         Tloc           26%        N/A       1%          3
 Passage of Golubria      Tloc           N/A        N/A       1%          4
 Manifold Assault         Tloc           52%        N/A       2%          5
 Yara's Violent Unravell  Hex/Tmut       19%        3d9       8%          5


Dungeon Overview and Level Annotations

Branches:
Dungeon (11/15)            Temple (1/1) D:7            Lair (2/6) D:10
    Orc (0/2) D:9
  Swamp: Lair:2-4    Shoals: Lair:2-4     Snake: Lair:2-4    Spider: Lair:2-4

Altars:
Ashenzari
Cheibriados
Dithmenos
Elyvilon
Fedhas
Gozag
Hepliaklqana
Kikubaaqudgha
Makhleb
Nemelex Xobeh
Okawaru
Qazlal
Ru
Sif Muna
Trog
Uskayaw
Vehumet
Wu Jian
Xom
Yredelemnul
Zin
The Shining One

Shops:
D:4 !

Annotations:
D:4 2 runed translucent doors, JBAR's ghost, amateur KoEn
D:8 Prince Ribbit


Message History

Confirm with . or Enter, or press ? or * to list all spells.
Aiming: Searing Ray (safe; 1% risk of failure)
Press: ? - help, Shift-Dir - straight line, f - black mamba
Aim: a black mamba (severely wounded, 72% to hit)
Okay, then.
Unknown command.
Casting: Searing Ray (safe; 1% risk of failure)
Confirm with . or Enter, or press ? or * to list all spells.
Aiming: Fulminant Prism (safe; 1% risk of failure)
Press: ? - help, Dir - move target You conjure a prism of explosive energy!
A fulminant prism comes into view.
You feel very sick.
A nearby fungus withers and dies.
A yak comes into view.
Your fulminant prism explodes!
The blast of energy engulfs the yak!!
The yak is severely wounded.
The blast of energy engulfs the four-headed hydra!
The four-headed hydra is lightly wounded.
The blast of energy engulfs the black bear!!
The black bear is severely wounded.
You hear a bellow!
You hear a croak.
You hear an angry hiss.
Unknown command.
Unknown command.
You feel very sick. You block the black mamba's attack.
Your fulminant prism crackles loudly.
The yak snorts and paws the ground.
You fly upwards.
You feel very sick.
There is a stone staircase leading down here.
Casting: Fulminant Prism (safe; 1% risk of failure)
Confirm with . or Enter, or press ? or * to list all spells.
Okay, then.
You feel sick. The black mamba bites you!
* * * LOW HITPOINT WARNING * * *
You are more poisoned.
The black mamba poisons you!
You die...

#..##P#....#P##.................
#..####....#####.####....#.####.
#..P###...#.####.###..#.........
#..............)................
#..#####P##.............##.#####
#..## ####...###.#.....####
#...######P.............########
#...............................
#...######.....@.S............##
#..###.#.##...######..#####...##
#..............#####.#######....
##...............................
#...###....#####.................
##..# ##...######.######..##..##.
##..####...##.##P.######.........
#................................
##.##.###...........###.#....#.##


You could see a black mamba.

Vanquished Creatures
  Nergalle (D:10)
  2 black mambas
  Maggie (D:8)
  2 cane toads (Lair:1)
  A rime drake (Lair:1)
  A komodo dragon (Lair:1)
  A troll (D:9)
  Grinder (D:4)
  Sigmund (D:6)
  A wraith (D:10)
  3 wyverns
  Eustachio (D:6)
  7 yaks
  2 vampire mosquitoes (D:10)
  A steam dragon (D:8)
  3 wargs
  An acid dragon (D:9)
  7 water moccasins
  3 orc warriors
  A sky beast (D:7)
  2 ice beasts (D:7)
  3 necrophages
  A black bear (D:5)
  2 ogres
  A phantom (D:5)
  2 gnoll sergeants
  A kobold brigand (D:9)
  10 bullfrogs
  A scorpion (D:6)
  4 killer bees (D:8)
  2 howler monkeys
  2 centaur zombies (D:8)
  A bullfrog zombie (D:5)
  5 hounds
  5 orc priests
  2 centaur skeletons
  5 iguanas
  A gnoll shaman (D:6)
  19 orc wizards
  A hound skeleton (D:4)
  14 gnolls
  9 adders
  A shadow imp (D:6)
  An ufetubus (D:4)
  A worm (D:4)
  A dart slug (D:2)
  34 orcs
  8 endoplasms
  7 giant cockroaches
  6 goblins
  8 hobgoblins
  3 quokkas
  11 ball pythons
  9 bats
  11 kobolds
  A quokka skeleton (D:4)
  7 rats
243 creatures vanquished.

Vanquished Creatures (collateral kills)
  A centaur (D:10)
  An orc wizard (D:10)
2 creatures vanquished.

Vanquished Creatures (others)
  A quokka (D:6)
  60 fulminant prisms
  30 fungi
  10 plants
101 creatures vanquished.

Grand Total: 346 creatures vanquished

Notes
Turn   | Place    | Note
-------+----------+-------------------------------------------
     0 | D:1      | bnorton916 the Deep Elf Conjurer began the quest for the
                  | Orb.
     0 | D:1      | Reached XP level 1. HP: 10/10 MP: 6/6
   245 | D:1      | Reached XP level 2. HP: 15/15 MP: 3/8
   772 | D:1      | Reached skill level 4 in Spellcasting
   878 | D:1      | Learned a level 2 spell: Searing Ray
   891 | D:1      | Reached skill level 5 in Conjurations
   891 | D:1      | Reached XP level 3. HP: 19/19 MP: 7/10
  2066 | D:3      | Reached XP level 4. HP: 24/24 MP: 5/12
  2182 | D:3      | Reached skill level 5 in Spellcasting
  2336 | D:3      | Reached XP level 5. HP: 28/28 MP: 4/14
  2543 | D:3      | Found a faded altar of an unknown god.
  3103 | D:4      | Found a runed translucent door.
  3106 | D:4      | Noticed JBAR's ghost (amateur KoEn)
  3179 | D:4      | Found a runed translucent door.
  3447 | D:4      | Reached skill level 6 in Spellcasting
  3459 | D:4      | Reached XP level 6. HP: 32/32 MP: 1/17
  3467 | D:4      | Learned a level 4 spell: Fulminant Prism
  3472 | D:4      | Learned a level 4 spell: Iskenderun's Mystic Blast
  3625 | D:4      | Reached skill level 1 in Hexes
  3625 | D:4      | Reached skill level 1 in Translocations
  4023 | D:4      | Found Heeckero's Distillery.
  4031 | D:4      | Bought a potion of curing for 42 gold pieces
  4031 | D:4      | Bought a potion of flight for 42 gold pieces
  4199 | D:4      | Noticed Grinder
  4205 | D:4      | Killed Grinder
  4206 | D:4      | Reached XP level 7. HP: 31/36 MP: 10/18
  4489 | D:5      | Entered Level 5 of the Dungeon
  4493 | D:5      | Found a stormy altar of Qazlal.
  4936 | D:5      | Identified the +5 dagger of the Twenty Gods {elec, rCorr}
  5003 | D:5      | Reached skill level 5 in Hexes
  5334 | D:5      | Reached skill level 5 in Translocations
  5334 | D:5      | Reached XP level 8. HP: 41/41 MP: 12/19
  5488 | D:5      | Found a broken altar of Ashenzari.
  5628 | D:6      | Noticed Sigmund
  5697 | D:6      | Noticed Eustachio
  5724 | D:6      | Killed Eustachio
  5805 | D:6      | Found a bloodstained altar of Trog.
  5961 | D:6      | Reached skill level 1 in Shields
  6416 | D:6      | Killed Sigmund
  6780 | D:6      | Found a white marble altar of Elyvilon.
  7113 | D:7      | Reached XP level 9. HP: 45/45 MP: 3/20
  7910 | D:7      | Found a staircase to the Ecumenical Temple.
  7926 | Temple   | Entered the Ecumenical Temple
  8174 | Temple   | Became a worshipper of Vehumet
  8234 | D:7      | Found an opulent altar of Gozag.
  8236 | D:7      | Found a blossoming altar of Fedhas.
  8329 | D:7      | Learned a level 3 spell: Tukima's Dance
  8837 | D:8      | Reached skill level 1 in Armour
  9254 | D:8      | Noticed Maggie
  9267 | D:8      | Killed Maggie
  9500 | D:8      | Reached skill level 5 in Dodging
  9619 | D:8      | Found a shadowy altar of Dithmenos.
  9626 | D:8      | Identified the ring "Yrurum" {Wiz *Corrode Fly Str+3
                  | Stlth+}
  9820 | D:8      | Reached XP level 10. HP: 33/50 MP: 7/21
 10493 | D:9      | Noticed Prince Ribbit
 10496 | D:9      | Reached * piety under Vehumet
 10496 | D:9      | Offered knowledge of Foxfire by Vehumet.
 11449 | D:9      | Reached skill level 5 in Armour
 11545 | D:9      | Found a staircase to the Orcish Mines.
 11560 | D:9      | Reached ** piety under Vehumet
 11560 | D:9      | Offered knowledge of Poisonous Vapours by Vehumet.
 12004 | D:10     | Entered Level 10 of the Dungeon
 12176 | D:10     | Reached skill level 7 in Spellcasting
 12465 | D:10     | Found a staircase to the Lair.
 12553 | D:10     | Noticed Nergalle
 12580 | D:10     | Killed Nergalle
 12581 | D:10     | Reached skill level 8 in Spellcasting
 13102 | Lair:1   | Entered Level 1 of the Lair of Beasts
 13105 | Lair:1   | Noticed a black mamba
 13112 | Lair:1   | Killed a black mamba
 13113 | Lair:1   | Reached skill level 9 in Spellcasting
 13124 | Lair:1   | Noticed a cane toad
 13130 | Lair:1   | Killed a cane toad
 13131 | Lair:1   | Reached XP level 11. HP: 41/54 MP: 3/26
 14070 | Lair:1   | Reached skill level 10 in Spellcasting
 14072 | Lair:1   | Offered knowledge of Ignite Poison by Vehumet.
 15040 | Lair:2   | Noticed a four-headed hydra
 15048 | Lair:1   | Succumbed to a black mamba's poison

Illustrated notes

Levels and vault maps discovered:
D:1:      dpeg_arrival_signposts, layout_loops_ring, st_stairs_6
D:2:      layout_rooms
D:3:      layout_rooms, basic_ecumenical_altar
D:4:      minmay_clustersquares, layout_loops_ring, serial_shops, shop,
          ebering_ghost_sewer_f, uniq_grinder
D:5:      layout_basic, lemuel_doored_altar, kennysheep_mini_moat
D:6:      layout_rooms, elyvilon_altar_4, mainiacjoe_overflow_small_starburst,
          serial_aquarium, aquarium_bridge_island_small
          [aquarium_subvault_small_open, aquarium_subvault_bridge,
          aquarium_subvault_wall, aquarium_subvault_window,
          aquarium_subvault_balcony], aquarium_bridge_long_separate
          [aquarium_subvault_bridge, aquarium_subvault_bridge,
          aquarium_subvault_bridge, aquarium_subvault_window,
          aquarium_subvault_bridge, aquarium_subvault_bridge],
          aquarium_window_1, aquarium_window_1, aquarium_view_2f,
          aquarium_view_2c, aquarium_balcony_3b, uniq_sigmund, uniq_eustachio
D:7:      layout_basic, grunt_temple_overflow_open,
          minmay_temple_entry_offerings
D:8:      minmay_flawed_box, layout_loops_ring, mainiacjoe_overflow_boulevard,
          uniq_maggie
D:9:      layout_rooms, erik_orc_3, small_statue_intersection,
          uniq_prince_ribbit1
D:10:     layout_roguey, erik_lair_orcish_takeover, uniq_nergalle
D:11:     layout_loops_ring
Temple:   regret_index_temple_generic_petals
Lair:1:   layout_long_grid, chequers_serial_rivers_micro_b
Lair:2:   layout_small_grid, palyth_hydra_swamp_entry,
          hangedman_lair_generics_rect, grunt_megastairs_3,
          minmay_lair_oklob_chamber

Skill      XL: |  1  2  3  4  5  6  7  8  9 10 11 |
---------------+----------------------------------+-----
Spellcasting   | 4 5 6 9 10 | 10.6
Conjurations   | 5 6 8 9 |  9.7
Hexes          | 3 6 8 |  8.8
Translocations | 3 5 7 |  7.3
Shields        | 2 4 |  4.0
Armour         | 4 5 |  5.2
Dodging        | 6 8 |  8.1
Stealth        | |  2.4

Action                   |  1- 3 |  4- 6 |  7- 9 | 10-12 || total
-------------------------+-------+-------+-------+-------++-------
Melee: Dagger            |       |     1 |       |    14 ||    15
       Unarmed           |       |     1 |       |       ||     1
 Cast: Magic Dart        |   101 |    55 |    99 |    79 ||   334
       Searing Ray       |       |    14 |    36 |    23 ||    73
       Fulminant Prism   |       |       |    19 |    42 ||    61
       Iskenderun's Myst |       |       |     5 |    34 ||    39
       Tukima's Dance    |       |       |       |     2 ||     2
  Use: Potion            |       |       |     1 |       ||     1
       Scroll            |       |       |    17 |     5 ||    22
Armor: Robe              |     6 |     3 |     6 |       ||    15
       Steam dragon scal |       |       |     2 |    21 ||    23
Dodge: Dodged            |    10 |    14 |    40 |    36 ||   100
Block: Buckler           |       |       |     7 |    20 ||    27
